 Dungeon Crawl Stone Soup version 0.29.1-2-gbd0b4ee654 (webtiles) character file.

Game seed: 3003180568657138604

145 Avanven the Chopper (level 5, -2/45 HPs)
             Began as a Hill Orc Fighter on Nov 17, 2022.
             Slain by a gnoll
             ... wielding a +0 halberd
              (13 damage)
             ... on level 3 of the Dungeon.
             The game lasted 00:03:31 (1689 turns).

Avanven the Chopper (Hill Orc Fighter)              Turns: 1689, Time: 00:03:31

Health: -2/45      AC:  6    Str: 25    XL:     5   Next: 27%
Magic:  5/5        EV: 10    Int:  5    God:
Gold:   87         SH:  4    Dex:  9    Spells: 4/4 levels left

rFire   . . .      SeeInvis .   a - +2 war axe
rCold   . . .      Faith    .   c - +0 buckler
rNeg    . . .      Spirit   .   l - +1 ring mail "Voidilupiu" {rElec}
rPois   .          Reflect  .   (no helmet)
rElec   +          Harm     .   (no cloak)
rCorr   .          Rampage  .   (no gloves)
Will    .....                   (no boots)
Stlth   ..........              (no amulet)
HPRegen 0.15/turn               (no ring)
MPRegen 0.09/turn               (no ring)

@: hasted, very quick
A: dopey 1, strong 1, MP-powered wands
a: no special abilities


You were on level 3 of the Dungeon.
You visited 1 branch of the dungeon, and saw 3 of its levels.

You collected 87 gold pieces.

Inventory:

Hand Weapons
 a - a +2 war axe (weapon)
Armour
 c - a +0 buckler (worn)
 l - the +1 ring mail "Voidilupiu" (worn) {rElec}
   (You found it on level 2 of the Dungeon)

   rElec:     It insulates you from electricity.
Jewellery
 d - a ring of flight
 j - a ring of ice
Scrolls
 i - a scroll of fear
Potions
 b - a potion of magic
 f - a potion of lignification {unknown}
 g - a potion of mutation
 h - a potion of brilliance {unknown}
 k - a potion of flight {unknown}
 o - a potion of curing {unknown}
 p - a potion of degeneration {unknown}


   Skills:
 - Level 3.6 Fighting
 * Level 5.3 Axes
 + Level 4.2 Armour
 + Level 4.2 Shields


You had 4 spell levels left.
You didn't know any spells.
Your spell library contained the following spells:

 Spells                   Type           Power      Damage    Failure   Level
 Call Canine Familiar     Summ           0%         N/A       97%         3
 Portal Projectile        Hex/Tloc       0%         N/A       97%         3
 Leda's Liquefaction      Hex/Erth       0%         N/A       100%        4


Dungeon Overview and Level Annotations

Branches:
Dungeon (3/15)

Altars:


Innate Abilities, Weirdness & Mutations

You are dopey. (Int -2)
Your muscles are strong. (Str +4, Int/Dex -1)
You expend magic power (3 MP) to strengthen your wands.


Message History

The gnoll is lightly wounded.
A ball python comes into view.
The gnoll closely misses you.
The ball python hisses angrily.
You slash the gnoll!
The gnoll is almost dead.
You barely miss the gnoll.
The gnoll is almost dead.
The gnoll hits you with a +0 spear.
You barely miss the gnoll.
The gnoll is almost dead.
The gnoll hits you with a +0 spear.
You closely miss the gnoll.
The gnoll is almost dead.
The gnoll completely misses you.
You closely miss the gnoll.
The gnoll is almost dead.
You block the gnoll's attack.
You hit the gnoll.
The gnoll is almost dead.
The gnoll hits you with a +0 spear.
You hit the gnoll.
You kill the gnoll!
You hit the gnoll.
The gnoll is moderately wounded.
The gnoll hits you with a +0 club.
The gnoll hits you from afar with a +0 halberd!
* * * LOW HITPOINT WARNING * * *
You slash the gnoll!
You kill the gnoll!
The gnoll barely misses you.
Things that are here:
a +0 club; a +0 spear; a gnoll corpse You hit the gnoll.
The gnoll is lightly wounded.
The gnoll hits you but does no damage.
You barely miss the gnoll.
The gnoll is lightly wounded.
The gnoll hits you with a +0 halberd!
You die... #.# #.# # w.> #.# #.#.g #.# .#:. #.# .gg

####### #.# #g.
#.....#####.##
#..#######.)...........
#.###..#Sg@).......########
........w#####....)#
####...### #.....# ##.#
####### #. . ##


You could see a gnoll, a dart slug and a ball python.

Vanquished Creatures
  7 gnolls
  3 adders (D:2)
  A dart slug (D:1)
  5 endoplasms (D:1)
  3 giant cockroaches
  4 goblins
  3 hobgoblins
  4 jackals (D:1)
  A quokka (D:1)
  5 ball pythons
  5 bats
  3 frilled lizards
  4 kobolds
  3 rats
51 creatures vanquished.

Notes
Turn   | Place    | Note
-------+----------+-------------------------------------------
     0 | D:1      | Avanven the Hill Orc Fighter began the quest for the Orb.
     0 | D:1      | Reached XP level 1. HP: 19/19 MP: 1/1
    26 | D:1      | Reached skill level 3 in Axes
    31 | D:1      | Reached XP level 2. HP: 24/26 MP: 2/2
   450 | D:1      | Reached XP level 3. HP: 31/31 MP: 3/3
   832 | D:2      | Reached skill level 4 in Axes
   887 | D:2      | Identified the +1 ring mail "Voidilupiu" {rElec}
   975 | D:2      | Found a faded altar of an unknown god.
  1202 | D:2      | Gained mutation: You expend magic power (3 MP) to
                  | strengthen your wands. [potion of mutation]
  1202 | D:2      | Gained mutation: You are dopey. (Int -2) [potion of
                  | mutation]
  1202 | D:2      | Gained mutation: Your muscles are strong. (Str +4, Int/Dex
                  | -1) [potion of mutation]
  1242 | D:2      | Reached XP level 4. HP: 39/39 MP: 4/4
  1306 | D:2      | Reached skill level 5 in Axes
  1646 | D:3      | Reached XP level 5. HP: 45/45 MP: 5/5
  1689 | D:3      | Slain by a gnoll

Illustrated notes

Levels and vault maps discovered:
D:1:      lightli_molten_gateway, layout_basic
D:2:      layout_basic, ebering_ecumenical_altar_abandoned
D:3:      layout_loops_ring, zin_angel, xom_teletrap_fun, minmay_rat_hole,
          uniq_robin

Skill      XL: |  1  2  3  4 |
---------------+-------------+-----
Axes           | 3 4 5 |  5.3
Armour         | 4 |  4.2
Shields        | 4 |  4.2
Fighting       | |  3.6

Action                   |  1- 3 |  4- 6 || total
-------------------------+-------+-------++-------
Melee: War axe           |    95 |    40 ||   135
  Use: Scroll            |     6 |     2 ||     8
       Potion            |     2 |     1 ||     3
Armor: Scale mail        |    38 |       ||    38
       Ring mail         |    21 |    10 ||    31
Dodge: Dodged            |    50 |    14 ||    64
Block: Buckler           |    22 |     6 ||    28
